Map: Simulacrum LE

Players

Zest - Winner!

  • Race: Protoss Protoss
  • Spawn Location: 5:00

soO

  • Race: Zerg Zerg
  • Spawn Location: 11:00

Event: IEM Katowice 2020

VOD

Have the link to the VOD?

Description

Time

  • Played on: Feb. 27, 2020, 11 a.m.
  • Length: 10:07

All games in this series

Show
View Real Time Build Order
Export as new Build Order

Zest Protoss - Winner!

Build Orders: 1 Gate Expand 

Get SALT Encoding   

  12  0:00  Probe  
  13  0:14  Pylon  
  13  0:18  Probe (Chrono Boost)  
  15  0:30  Probe (Chrono Boost)  
  15  0:35  Probe (Chrono Boost)  
  15  0:39  Gateway  
  16  0:44  Probe  
  17  0:50  Assimilator  
  17  0:57  Probe  
  18  1:09  Probe  
  19  1:21  Probe  
  20  1:27  Nexus  
  20  1:36  Cybernetics Core  
  21  1:40  Probe  
  21  1:45  Assimilator  
  21  1:52  Probe  
  22  1:54  Pylon  
  22  2:04  Probe (Chrono Boost)  
  23  2:12  Warp Gate (Chrono Boost), Stalker  
  23  2:14  Probe (Chrono Boost)  
  26  2:19  Probe (Chrono Boost)  
  27  2:26  Twilight Council  
  27  2:31  Probe (Chrono Boost)  
  28  2:40  Probe (Chrono Boost)  
  28  2:41  Probe (Chrono Boost)  
  30  2:48  Probe (Chrono Boost)  
  30  2:49  Probe (Chrono Boost)  
  30  2:50  Robotics Facility  
  32  2:54  Probe  
  33  3:01  Resonating Glaives (Chrono Boost)  
  33  3:05  Gateway  
  33  3:15  Gateway  
  33  3:17  Gateway  
  33  3:24  Probe, Adept  
  33  3:25  Probe  
  37  3:36  Shield Battery  
  37  3:39  Pylon  
  37  3:45  Immortal  
  41  3:54  Cybernetics Core  
  39  3:58  Gateway  
  39  4:02  Gateway  
  39  4:03  Zealot  
  41  4:10  Zealot  
  41  4:11  Zealot  
  41  4:15  Pylon  
  45  4:19  Zealot  
  43  4:25  Pylon  
  43  4:27  Pylon  
  39  4:32  Adept x2  
  43  4:40  Immortal (Chrono Boost)  
  47  4:58  Adept  
  47  4:59  Adept x3  
  55  5:05  Pylon  
  55  5:10  Warp Prism (Chrono Boost)  
  57  5:24  Adept x2  
  57  5:25  Adept x2  
  65  5:29  Pylon  
  65  5:36  Pylon  
  65  5:40  Observer  
  53  5:58  Adept x2  
  45  6:16  Probe  
  44  6:20  Adept x2  
  42  6:43  Pylon  
  42  6:47  Pylon  
  42  6:50  Adept x2  
  42  6:53  Shield Battery  
  46  6:55  Probe x2, Shield Battery  
  48  7:02  Adept  
  48  7:05  Adept  
  50  7:10  Zealot x2  
  47  7:26  Probe x2 (Chrono Boost)  
  48  7:32  Pylon  
  48  7:36  Probe x2 (Chrono Boost)  
  50  7:43  Probe x2  
  52  7:57  Gateway  
  52  8:01  Adept x3  
  52  8:02  Pylon  
  52  8:05  Adept  
  61  8:12  Probe  
  61  8:13  Probe  
  62  8:24  Adept x3  
  62  8:26  Adept  
  70  8:45  Adept x2  
  70  8:46  Adept  
  72  8:51  Adept  
  72  8:52  Adept  
  68  9:04  Adept x2  
  68  9:08  Adept  
  58  9:32  Observer  
  58  9:35  Probe (Chrono Boost)  
  47  9:38  Adept x3  
  47  9:39  Adept x2  
  47  9:41  Assimilator, Observer  
  47  9:42  Assimilator  
  47  9:45  Probe (Chrono Boost)  
  58  9:47  Probe (Chrono Boost)  
  58  9:51  Nexus  
  57  9:53  Pylon  
  57  9:55  Probe (Chrono Boost)  
  57  9:56  Probe (Chrono Boost)  
Show
View Real Time Build Order
Export as new Build Order

soO Zerg 

Build Orders: Hatch First 

Get SALT Encoding   

  12  0:00  Drone  
  13  0:12  Overlord  
  13  0:16  Drone  
  14  0:30  Drone x2  
  16  0:49  Drone  
  17  0:52  Drone  
  18  0:58  Hatchery, Drone  
  18  1:07  Extractor  
  17  1:13  Spawning Pool  
  17  1:16  Drone  
  17  1:20  Drone  
  18  1:27  Drone  
  19  1:38  Drone  
  20  1:49  Overlord  
  20  2:00  Queen  
  22  2:09  Zergling x2  
  22  2:10  Queen  
  22  2:11  Zergling x2  
  22  2:14  Metabolic Boost  
  26  2:16  Drone  
  26  2:21  Drone  
  26  2:22  Drone  
  29  2:35  Hatchery  
  28  2:37  Drone  
  28  2:40  Drone  
  30  2:51  Zergling x4  
  32  2:54  Zergling x4  
  34  3:04  Overlord  
  34  3:05  Zergling x2  
  35  3:08  Zergling x2  
  36  3:22  Zergling x14  
  43  3:30  Zergling x2  
  44  3:38  Zergling x2  
  44  3:46  Zergling x2  
  44  3:47  Zergling x6  
  44  3:48  Zergling x2  
  48  3:53  Zergling x4  
  50  4:01  Zergling x2, Overlord  
  50  4:02  Overlord  
  50  4:07  Zergling x2  
  49  4:11  Zergling x2  
  49  4:12  Overlord  
  49  4:15  Zergling x2  
  49  4:16  Zergling x2  
  49  4:17  Zergling x2  
  49  4:19  Zergling x2  
  49  4:20  Zergling x6  
  52  4:28  Zergling x2  
  52  4:29  Zergling x2  
  52  4:30  Zergling x2  
  52  4:33  Drone x2  
  52  4:34  Drone  
  52  4:42  Drone x2, Baneling Nest  
  52  4:44  Drone  
  52  4:58  Zergling x12  
  58  5:09  Spore Crawler  
  58  5:10  Zergling x8  
  61  5:18  Spore Crawler  
  60  5:26  Baneling x8  
  60  5:28  Baneling  
  60  5:31  Zergling x14  
  67  5:36  Zergling x4  
  67  5:39  Baneling  
  65  5:50  Zergling x4  
  65  5:53  Zergling x6  
  65  5:54  Zergling x4  
  64  5:57  Zergling x4  
  64  6:00  Zergling x2  
  64  6:01  Zergling x2  
  64  6:03  Zergling x2  
  60  6:05  Zergling x2  
  60  6:06  Baneling  
  60  6:10  Zergling x4  
  59  6:12  Zergling x2  
  59  6:15  Zergling x2  
  59  6:19  Zergling x4  
  59  6:22  Zergling x2  
  59  6:24  Zergling x2  
  62  6:27  Zergling x4  
  56  6:35  Zergling x2  
  51  6:41  Queen  
  51  6:44  Baneling x6  
  51  6:47  Drone x2  
  55  6:48  Drone  
  55  6:50  Baneling  
  55  6:52  Drone  
  55  6:54  Drone  
  58  6:58  Drone  
  58  7:00  Drone  
  60  7:08  Drone x3  
  56  7:09  Drone  
  56  7:10  Drone  
  56  7:13  Zergling x4  
  56  7:15  Zergling x2  
  52  7:17  Zergling x2  
  52  7:18  Zergling x2  
  52  7:21  Zergling x2  
  52  7:22  Zergling x2  
  55  7:25  Drone  
  55  7:26  Drone  
  55  7:28  Zergling x2  
  55  7:29  Zergling x2  
  58  7:34  Drone x2  
  58  7:35  Drone  
  61  7:38  Zergling x2  
  61  7:43  Zergling x4  
  62  7:48  Drone  
  63  7:51  Extractor  
  63  7:53  Extractor, Queen  
  63  7:54  Drone, Roach Warren  
  63  7:58  Drone x6  
  69  8:07  Drone x3  
  69  8:09  Drone x2  
  74  8:16  Overlord  
  74  8:18  Overlord x2  
  74  8:20  Baneling x4  
  74  8:24  Overlord  
  74  8:28  Overlord  
  74  8:29  Overlord  
  74  8:32  Overlord  
  74  8:37  Zergling x10  
  50  8:50  Zergling x12  
  50  8:53  Zergling x2  
  54  8:57  Zergling x4  
  55  9:05  Baneling x5  
  55  9:06  Zergling x8  
  55  9:09  Zergling x2  
  60  9:13  Baneling x4  
  60  9:14  Zergling x2  
  59  9:19  Zergling x2  
  57  9:28  Zergling x2  
  57  9:29  Zergling x2  
  51  9:36  Zergling x2  
  46  9:44  Drone x2  
  51  9:46  Hatchery  
  51  9:50  Drone  
  51  9:54  Drone  

Tags
 
Add a new tag
Caveats
  • Supply blocks, unpowered buildings, or Contaminate may cause inaccurate times.
  • Supply counts are checked every 10 seconds.